 Dungeon Crawl Stone Soup version 0.17-a0-18-gc25b939 (console) character file.

268 Monkaria the Chopper (level 6, 0/52 HPs)
             Began as a Hill Orc Gladiator on Mar 12, 2015.
             Was an Initiate of Beogh.
             Slain by a phantom (5 damage)
             ... on level 4 of the Dungeon.
             The game lasted 00:06:26 (3931 turns).

Monkaria the Chopper (Hill Orc Gladiator)           Turns: 3931, Time: 00:06:26

Health: 0/52       AC:  4    Str: 18    XL:     6   Next: 21%
Magic:  6/6        EV: 12    Int:  8    God:    Beogh [......]
Gold:   111        SH:  0    Dex: 13    Spells: 0 memorised, 5 levels left

rFire  . . .     SeeInvis .     a - +0 war axe
rCold  . . .     Clarity  .     b - +0 leather armour
rNeg   . . .     SustAb   .     (no shield)
rPois  .         Gourm    .     c - +0 helmet
rElec  .         Spirit   .     (no cloak)
rCorr  .         Warding  .     (no gloves)
rMut   .         Stasis   .     (no boots)
MR     .....                    e - amulet of rage
Stlth  +.........               (no ring)
                                (no ring)

@: hasted, very quick, not resistant to hostile enchantments, very unstealthy
A: no striking features
a: Renounce Religion, Evoke Berserk Rage


You were on level 4 of the Dungeon.
You worshipped Beogh.
Beogh was noncommittal.
You were very hungry.

You visited 1 branch of the dungeon, and saw 4 of its levels.

You collected 111 gold pieces.

Inventory:

Hand weapons
 a - a +0 war axe (weapon)
Missiles
 d - 4 throwing nets (quivered)
 p - 8 poisoned needles
Armour
 b - a +0 leather armour (worn)
 c - a +0 helmet (worn)
Jewellery
 e - an amulet of rage (around neck)
 m - an uncursed amulet of clarity {unknown}
 r - a cursed -3 ring of protection {unknown}
Magical devices
 y - a wand of frost (48)
Scrolls
 i - a scroll of blinking {unknown}
 k - a scroll of remove curse {unknown}
 q - 2 scrolls of identify {unknown}
 s - 2 scrolls of magic mapping {unknown}
 w - a scroll of enchant weapon {unknown}
 B - a scroll of enchant armour {unknown}
Potions
 n - a potion of flight {unknown}
 o - a potion of lignification {unknown}
 u - a potion of heal wounds {unknown}
Books
 A - a book of the Sky

   Spells                             Type                      Level
   a - Flight                         Charms/Air                   3
   b - Airstrike                      Air                          4
   c - Silence                        Hexes/Air                    5
   d - Deflect Missiles               Charms/Air                   6
   e - Conjure Ball Lightning         Conjuration/Air              6
   f - Tornado                        Air                          9
Comestibles
 f - 4 meat rations
 g - 2 bread rations
 v - 3 fruits
 z - 2 slices of pizza


   Skills:
 - Level 4.1 Fighting
 + Level 7.9 Axes
 - Level 2.0 Throwing
 - Level 2.7 Dodging


You had 5 spell levels left.
You didn't know any spells.

Dungeon Overview and Level Annotations

Branches:
Dungeon (4/15)
 Temple: D:4-7

Altars:
Xom

Annotations:
D:4 Pikel


Message History

The phantom is almost destroyed.
The phantom closely misses you.
An orc priest opens the door.
Pikel the Slaver comes into view.
He is wielding a whip of freezing.
You closely miss the phantom.
The phantom is almost destroyed.
Pikel shouts!
The phantom hits you!
* * * LOW HITPOINT WARNING * * *
The phantom blinks!
Pikel zaps a wand.
The bolt of cold misses you.
It is a wand of cold.
Read which item? (? for menu, Esc to quit)
As you read the scroll labeled QIOSEGA SHREAPT, it crumbles to dust.
It is a scroll of recharging.
Charge which item? (? for menu, Esc to quit)
Your wand of frost glows for a moment.
The orc priest's eyes start to glow.
Pikel zaps a wand.
The bolt of cold misses you.
Drink which item? (? for menu, Esc to quit)
It was a potion of haste.
You feel yourself speed up. The phantom hits you.
You die...

...........#.......#
...........#.......#
...........#.......#
...##.....#.......#.
.. #.....#.......o.
#.....##......#
#...P.##......#
.........W....##.!
.........@ยง.......
.....P...........
.....##......##.
..... #K###### ...
.. .. ##. #. +. .


You could see Pikel, a phantom and an orc priest.

Vanquished Creatures
  A worker ant (D:4)
  Robin (D:3)
  4 gnolls
  6 adders
  A giant mite (D:2)
  3 worms
  An adder skeleton (D:4)
  2 giant geckos
  6 orcs (D:3)
  10 bats
  6 giant cockroaches
  19 goblins
  6 hobgoblins
  11 jackals
  4 giant newts
  14 kobolds
  3 quokkas
  10 rats
108 creatures vanquished.

Vanquished Creatures (others)
  A giant spore (D:4)
  A goblin (D:3)
2 creatures vanquished.

Grand Total: 110 creatures vanquished

Notes
Turn   | Place    | Note
--------------------------------------------------------------
     0 | D:1      | Monkaria, the Hill Orc Gladiator, began the quest for the Orb.
     0 | D:1      | Reached XP level 1. HP: 18/18 MP: 1/1
   141 | D:1      | Reached XP level 2. HP: 25/25 MP: 2/2
   667 | D:2      | Reached XP level 3. HP: 31/31 MP: 3/3
   973 | D:2      | Reached XP level 4. HP: 33/40 MP: 4/4
  1043 | D:2      | Reached skill level 5 in Axes
  1253 | D:2      | HP: 2/40 [worm (6)]
  1862 | D:3      | Found a shimmering altar of Xom.
  2050 | D:3      | Reached skill level 6 in Axes
  2050 | D:3      | Reached XP level 5. HP: 14/46 MP: 5/5
  2462 | D:3      | Noticed Robin
  2487 | D:3      | Killed Robin
  2838 | D:3      | Became a worshipper of Beogh the Brigand
  3086 | D:3      | Reached skill level 7 in Axes
  3442 | D:4      | Reached XP level 6. HP: 32/52 MP: 6/6
  3560 | D:4      | Noticed a phantom
  3928 | D:4      | Noticed a slave
  3929 | D:4      | Noticed Pikel
  3931 | D:4      | Slain by a phantom

Action                   |  1- 3 |  4- 6 || total
-------------------------+-------+-------++-------
Melee: War axe           |   112 |   248 ||   360
Throw: Stone             |       |     1 ||     1
Invok: Convert to Beogh  |       |     1 ||     1
  Use: Potion            |       |     3 ||     3
       Scroll            |       |     1 ||     1
  Eat: Chunk             |       |     9 ||     9
